 Dungeon Crawl Stone Soup version 0.17-a0-649-g87edefa (webtiles) character file.

7193 xeno23 the Distorting Demonspawn (level 10, -1/79 HPs)
             Began as a Demonspawn Abyssal Knight on Apr 18, 2015.
             Was a Believer of Lugonu.
             Slain by a porcupine (3 damage)
             ... on level 2 of the Lair of Beasts.
             The game lasted 01:38:03 (18563 turns).

xeno23 the Distorting Demonspawn (DsAK)            Turns: 18563, Time: 01:38:03

Health: -1/79      AC: 18    Str: 15      XL:     10   Next: 87%
Magic:  15/16      EV:  2    Int: 15      God:    Lugonu [**....]
Gold:   178        SH:  0    Dex: 11 (12) Spells: 0 memorised, 9 levels left

rFire  . . .     SeeInvis .     a - +1 falchion (slice)
rCold  + . .     Clarity  +     l - +1 plate armour
rNeg   + + +     SustAb   .     E - +2 shield
rPois  ∞         Gourm    .     D - +0 helmet
rElec  .         Spirit   .     (no cloak)
rCorr  .         Warding  .     H - +0 pair of gloves
rMut   .         Stasis   .     (no boots)
MR     .....                    (no amulet)
Stlth  ..........               (no ring)
                                (no ring)

@: petrified, not resistant to hostile enchantments, extremely unstealthy
A: fangs 1, talons 1, slimy green scales 1, breathe flames 1, clarity, cold
resistance 1, nightstalker 2
a: Depart the Abyss, Bend Space, Renounce Religion, Breathe Fire


You were on level 2 of the Lair of Beasts.
You worshipped Lugonu.
Lugonu was pleased with you.
You were near starving.

You visited 4 branches of the dungeon, and saw 13 of its levels.
You visited the Abyss 1 time.

You collected 456 gold pieces.
You spent 278 gold pieces at shops.

Inventory:

Hand weapons
 a - a +1 falchion of slicing (weapon)
 b - a +0 hunting sling
Missiles
 t - 18 sling bullets
Armour
 l - a +1 plate armour (worn)
 D - a +0 helmet (worn)
 E - a +2 shield (worn)
 F - a cursed +0 hat
 H - a +0 pair of gloves (worn)
Magical devices
 g - a wand of slowing (10)
 h - a wand of lightning (0)
 k - a wand of digging (8)
 s - a wand of flame (4)
 x - a wand of draining (5)
 y - a wand of fire (0)
 B - a wand of frost (40)
 C - a wand of digging (12)
Scrolls
 f - 3 scrolls of fog
 m - 3 scrolls of recharging
 v - 2 scrolls of amnesia
 w - 5 scrolls of remove curse
Potions
 d - 6 potions of cancellation
 e - 2 potions of magic
 i - 2 potions of flight
 j - a potion of haste {unknown}
 q - 2 potions of berserk rage
 A - a potion of ambrosia {unknown}
 N - a potion of degeneration {unknown}
Books
 o - a book of Summonings

   Spells                             Type                      Level
   a - Abjuration                     Summoning                    3
   b - Recall                         Summoning/Translocation      3
   c - Shadow Creatures               Summoning                    5
   d - Summon Demon                   Summoning                    5
   e - Summon Forest                  Summoning/Translocation      5
   f - Monstrous Menagerie            Summoning                    6
 r - a book of Conjurations

   Spells                             Type                      Level
   a - Magic Dart                     Conjuration                  1
   b - Searing Ray                    Conjuration                  2
   c - Dazzling Spray                 Conjuration/Hexes            3
   d - Fulminant Prism                Conjuration/Hexes            4
   e - Iskenderun's Mystic Blast      Conjuration                  4
   f - Iskenderun's Battlesphere      Conjuration/Charms           5
 K - a book of the Tempests

   Spells                             Type                      Level
   a - Static Discharge               Conjuration/Air              3
   b - Lightning Bolt                 Conjuration/Air              5
   c - Fireball                       Conjuration/Fire             5
   d - Tornado                        Air                          9
   e - Shatter                        Earth                        9
Comestibles
 c - 5 bread rations
 p - 3 meat rations
 M - 17 fruits


   Skills:
 + Level 7.1 Fighting
 + Level 5.7 Long Blades
 + Level 6.2 Armour
 + Level 5.9 Dodging
 - Level 0.2 Stealth
 * Level 5.4 Shields
 + Level 8.3 Invocations
 * Level 6.6 Evocations


You had 9 spell levels left.
You didn't know any spells.

Dungeon Overview and Level Annotations

Branches:
Dungeon (9/15)             Temple (1/1) D:6            Lair (2/8) D:9
    Orc (1/4) D:9

Altars:
Ashenzari
Cheibriados
Dithmenos
Elyvilon
Fedhas
Gozag
Kikubaaqudgha
Makhleb
Nemelex Xobeh
Okawaru
Qazlal
Ru
Sif Muna
Trog
Vehumet
Xom
Yredelemnul
Zin
The Shining One

Shops:
D:7 :%([


Innate Abilities, Weirdness & Mutations

You have sharp toenails.
You are partially covered in slimy green scales (AC +2).
Your flesh is cold resistant.
You are significantly more attuned to the shadows.
You have very sharp teeth.
You can breathe flames.
You possess an exceptional clarity of mind.


Message History

The wolf bites you.
* * * LOW HITPOINT WARNING * * *
The wolf bites you but does no damage.
The wolf bites you but does no damage. x2
The porcupine bites you.
* * * LOW HITPOINT WARNING * * *
The wolf bites you but does no damage. x2
The wolf bites you.
* * * LOW HITPOINT WARNING * * *
The wolf bites you but does no damage. x2
The porcupine bites you but does no damage.
The wolf bites you but does no damage. The wolf bites you.
* * * LOW HITPOINT WARNING * * *
The wolf bites you but does no damage.
The porcupine bites you but does no damage.
The wolf bites you but does no damage. x2
The wolf bites you.
* * * LOW HITPOINT WARNING * * *
The wolf barely misses you. The porcupine bites you.
You die...

.. ### ♣ ♣..##.#####
..♣........#...
♣♣...........#..
♣.......lr.......
♣/......Fh@......
..##........hh....#.
#/....§.....t..##..
###............# .
###...##P#####
#.P##### ####


You could see a spiny frog, a basilisk, a crocodile, 3 wolves and a porcupine.

Vanquished Creatures
  A black mamba (Lair:2)
  A spiny frog (Lair:2)
  Grinder (D:3)
  Sigmund (D:5)
  2 wraiths (D:8)
  A wyvern (D:9)
  2 hippogriffs
  2 water moccasins
  A necrophage (D:8)
  A phantom (D:8)
  3 ice beasts
  An orc warrior (D:5)
  A black bear (Lair:1)
  2 sky beasts (D:9)
  4 ogres
  2 centaurs
  A crocodile (D:9)
  2 big kobolds (D:8)
  2 giant frogs
  3 scorpions
  5 wights (D:9)
  A troll skeleton (D:8)
  4 crimson imps
  A centaur zombie (D:8)
  8 orc wizards
  2 quasits
  2 giant frog skeletons
  5 hounds
  2 jellies
  2 centaur skeletons (D:4)
  2 human zombies (D:8)
  4 orc priests
  6 iguanas
  2 human skeletons (D:8)
  3 worker ants (D:4)
  8 sheep (Lair:1)
  3 wandering mushrooms (D:9)
  3 mummies (D:8)
  A worker ant zombie (D:8)
  6 gnolls
  10 adders
  A shadow imp (D:8)
  An ooze (D:4)
  An adder zombie (D:6)
  4 worms
  36 orcs
  A bat skeleton (D:5)
  2 bat zombies (D:2)
  8 goblins
  17 hobgoblins
  13 jackals
  5 quokkas
  10 bats
  6 giant cockroaches
  4 giant geckos
  3 giant newts
  17 kobolds
  16 rats
  3 rat zombies (D:2)
262 creatures vanquished.

Vanquished Creatures (others)
  A hydra (Lair:1)
  2 unseen horrors (D:9)
  2 blink frogs (Lair:1)
  A wraith (D:8)
  An orc warrior (Orc:1)
  An ogre (D:8)
  A giant frog (Lair:1)
  2 oklob saplings (D:9)
  A wight (D:9)
  An orc wizard (D:5)
  A quasit (D:8)
  A hound (D:9)
  A worker ant (D:6)
  A wandering mushroom (D:9)
17 creatures vanquished.

Grand Total: 279 creatures vanquished

Notes
Turn   | Place    | Note
--------------------------------------------------------------
     0 | Abyss:1  | xeno23, the Demonspawn Abyssal Knight, began the quest for the Orb.
     0 | Abyss:1  | Reached XP level 1. HP: 18/18 MP: 2/2
     5 | Abyss:1  | Found a corrupted altar of Lugonu.
    38 | D:1      | Escaped the Abyss
   465 | D:1      | Gained mutation: You are partially covered in slimy green scales (AC +2). [demonic ancestry]
   465 | D:1      | Reached XP level 2. HP: 21/24 MP: 3/3
   525 | D:1      | Reached skill level 1 in Dodging
   556 | D:1      | Acquired Lugonu's second power
   980 | D:2      | Found a white marble altar of Elyvilon.
  1084 | D:2      | Gained mutation: You are slightly more attuned to the shadows. [demonic ancestry]
  1084 | D:2      | Reached XP level 3. HP: 25/29 MP: 4/4
  1879 | D:2      | Reached XP level 4. HP: 35/37 MP: 6/6
  1890 | D:2      | Found a blossoming altar of Fedhas.
  1955 | D:2      | Found a sparkling altar of Nemelex Xobeh.
  2052 | D:2      | Found an ancient bone altar of Kikubaaqudgha.
  2682 | D:3      | Noticed Grinder
  3077 | D:3      | Reached skill level 4 in Fighting
  3311 | D:3      | Found a burning altar of Makhleb.
  3311 | D:3      | Found a glowing silver altar of Zin.
  3312 | D:3      | Noticed an angel
  3312 | D:3      | Noticed a cacodemon
  3403 | D:3      | Reached XP level 5. HP: 42/42 MP: 7/7
  3459 | D:4      | Acquired Lugonu's third power
  3681 | D:5      | Entered Level 5 of the Dungeon
  3952 | D:4      | HP: 2/42 [adder (4)]
  4686 | D:4      | Gained mutation: Your flesh is cold resistant. [demonic ancestry]
  4686 | D:4      | Reached XP level 6. HP: 27/48 MP: 8/8
  4718 | D:4      | Found a stormy altar of Qazlal.
  5071 | D:4      | Found a bloodstained altar of Trog.
  5315 | D:5      | Found a glowing golden altar of the Shining One.
  5318 | D:5      | Noticed Sigmund
  5515 | D:3      | Found an iron altar of Okawaru.
  5631 | D:3      | Killed Grinder
  5631 | D:3      | Gained mutation: You have sharp toenails. [demonic ancestry]
  5631 | D:3      | Reached XP level 7. HP: 5/55 MP: 10/10
  5841 | D:3      | Found a glowing silver altar of Zin.
  6253 | D:5      | Noticed an orc warrior
  6264 | D:5      | Killed an orc warrior
  6264 | D:5      | Reached skill level 5 in Invocations
  6269 | D:5      | Acquired Lugonu's fourth power
  6680 | D:6      | Reached skill level 5 in Fighting
  6823 | D:6      | Reached skill level 1 in Evocations
  7183 | D:5      | Killed Sigmund
  7183 | D:5      | Reached XP level 8. HP: 59/62 MP: 12/12
  7256 | D:5      | Noticed a centaur
  7271 | D:5      | Killed a centaur
  8195 | D:6      | Found a staircase to the Ecumenical Temple.
  8201 | Temple   | Entered the Ecumenical Temple
  8781 | D:7      | Found Cimnul's Antique Armour Shop.
  8788 | D:7      | Bought a glowing shield for 139 gold pieces
  9088 | D:7      | Found Nugrui's Food Boutique.
  9173 | D:7      | Reached skill level 6 in Invocations
  9192 | D:7      | Found an iron altar of Okawaru.
  9204 | D:7      | Found Luisuosk's Weapon Emporium.
  9311 | D:7      | Noticed a hill giant
  9347 | D:6      | HP: 2/63 [worker ant (4)]
  9824 | D:7      | Found Jaifeamo's Book Boutique.
  9929 | D:7      | Bought a pair of gloves for 139 gold pieces
  9993 | D:8      | Reached skill level 1 in Shields
 10475 | D:7      | Reached skill level 5 in Armour
 10652 | D:8      | Gained mutation: You are significantly more attuned to the shadows. [demonic ancestry]
 10652 | D:8      | Reached XP level 9. HP: 48/69 MP: 13/13
 11178 | D:8      | HP: 3/69 [poisoned by an orc wizard]
 11186 | D:8      | HP: 3/69 [poisoned by an orc wizard]
 12530 | D:8      | Reached skill level 5 in Dodging
 12530 | D:8      | Reached skill level 7 in Invocations
 12784 | D:8      | Found a deep blue altar of Sif Muna.
 12850 | D:8      | Reached skill level 5 in Evocations
 13243 | D:8      | Reached skill level 5 in Long Blades
 13285 | D:8      | Found a basalt altar of Yredelemnul.
 14045 | D:9      | Reached XP level 10. HP: 40/77 MP: 7/15
 14936 | D:9      | Banished an unseen horror
 15034 | D:9      | Found a staircase to the Orcish Mines.
 15416 | D:9      | Found a staircase to the Lair.
 16059 | D:9      | Found a blossoming altar of Fedhas.
 16387 | D:9      | Banished an unseen horror
 16916 | Orc:1    | Entered Level 1 of the Orcish Mines
 17202 | Lair:1   | Entered Level 1 of the Lair of Beasts
 17254 | Lair:1   | Noticed an eight-headed hydra
 17263 | Lair:1   | Banished an eight-headed hydra
 17263 | Lair:1   | Reached skill level 8 in Invocations
 17396 | Lair:1   | Reached skill level 5 in Shields
 18191 | Lair:1   | Gained mutation: You have very sharp teeth. [potion of mutation]
 18191 | Lair:1   | Gained mutation: You can breathe flames. [potion of mutation]
 18194 | Lair:1   | Gained mutation: You possess an exceptional clarity of mind. [potion of beneficial mutation]
 18458 | Lair:2   | Noticed a black mamba
 18462 | Lair:2   | HP: 2/79 [black mamba (6)]
 18463 | Lair:2   | Killed a black mamba
 18563 | Lair:2   | HP: 2/79 [wolf (3)]
 18563 | Lair:2   | Slain by a porcupine

Action                   |  1- 3 |  4- 6 |  7- 9 | 10-12 || total
-------------------------+-------+-------+-------+-------++-------
Melee: Falchion          |   130 |   359 |   952 |   444 ||  1885
 Fire: Hunting sling     |       |       |    12 |    39 ||    51
Invok: Banish            |       |       |     9 |    14 ||    23
       Bend Space        |       |       |       |     3 ||     3
 Abil: Breathe Fire      |       |       |       |     1 ||     1
Evoke: Wand              |       |       |    22 |    12 ||    34
  Use: Scroll            |       |     8 |    18 |     6 ||    32
       Potion            |       |     1 |     2 |     3 ||     6
 Stab: Sleeping          |     1 |       |       |       ||     1
  Eat: Chunk             |     3 |    12 |    18 |    10 ||    43
       Fruit             |       |     1 |     8 |    10 ||    19
       Beef jerky        |       |       |     1 |       ||     1
       Bread ration      |       |       |     1 |       ||     1
